 Dungeon Crawl Stone Soup version 0.21-a0-498-g1b60429 (webtiles) character file.

3453 theanonym the Carver (level 10, 0/83 HPs)
             Began as a Barachi Gladiator on Nov 24, 2017.
             Was a Believer of Uskayaw.
             Succumbed to a killer bee's poison
             ... on level 8 of the Dungeon.
             The game lasted 00:25:50 (9439 turns).

theanonym the Carver (Barachi Gladiator)            Turns: 9439, Time: 00:25:51

Health: 0/83       AC:  9    Str: 16    XL:     10   Next: 6%
Magic:  8/10       EV: 11    Int:  9    God:    Uskayaw [**....]
Gold:   311        SH:  0    Dex: 16    Spells: 9/9 levels left

rFire    + . .     SeeInvis .   a - +0 long sword
rCold    . . .     Gourm    .   (no shield)
rNeg     . . .     Faith    +   d - +0 scale mail
rPois    .         Spirit   .   c - +0 helmet
rElec    .         Reflect  .   E - +0 cloak
rCorr    .         Harm     .   (no gloves)
MR       .....                  A - +0 pair of boots
Stlth    ..........             p - amulet of faith {Faith, !P}
HPRegen  0.23/turn              r - ring of protection from fire {rF+}
MPRegen  0.12/turn              (no ring)

@: lethally poisoned (0 -> -12), can't hop, slow
A: +LOS, swims, slowness 1, strong legs 1
a: Hop, Stomp, Line Pass, Renounce Religion


Innate Abilities, Weirdness & Mutations

Shadows flee at your approach. (+LOS)
You can swim through water.
You cover ground slowly.
You can hop short distances.


   Skills:
 + Level 9.1 Fighting
 - Level 14.0 Long Blades
 - Level 2.0 Throwing
 + Level 3.2 Dodging
 + Level 0.0 Invocations


You had 9 spell levels left.
You didn't know any spells.

Skill      XL: |  1  2  3  4  5  6  7  8  9 10 |
---------------+-------------------------------+-----
Long Blades    | 4 5 6 7 8 10 11 13 14 | 14.0
Fighting       | 3 5 6 9 |  9.1
Throwing       | |  2.0
Dodging        | |  3.2

Action                   |  1- 3 |  4- 6 |  7- 9 | 10-12 || total
-------------------------+-------+-------+-------+-------++-------
Melee: Long sword        |    56 |   189 |   473 |    26 ||   744
Throw: Throwing net      |     1 |     3 |     1 |       ||     5
       Tomahawk          |       |       |    11 |       ||    11
Invok: Stomp             |       |     2 |    14 |       ||    16
       Line Pass         |       |       |     2 |     1 ||     3
 Abil: Hop               |       |     1 |     5 |     1 ||     7
  Use: Potion            |     2 |     5 |     8 |       ||    15
       Scroll            |       |     3 |    11 |     3 ||    17
 Stab: Paralysed         |       |     2 |    10 |     1 ||    13
       Held in net/web   |       |       |     1 |       ||     1
  Eat: Chunk             |     1 |     9 |    14 |       ||    24
       Bread ration      |       |       |     2 |       ||     2
       Royal jelly       |       |       |     1 |       ||     1
       Meat ration       |       |       |     1 |       ||     1
Armor: Leather armour    |    22 |    57 |       |       ||    79
       Scale mail        |       |       |   185 |    21 ||   206
       Skin              |       |       |    16 |       ||    16
Dodge: Dodged            |    60 |   159 |   278 |    29 ||   526
       Rpst.: Long sword |    19 |    51 |    91 |    14 ||   175

Inventory:

Hand Weapons
 a - a +0 long sword (weapon)
Missiles
 k - 26 tomahawks (quivered)
 v - 7 exploding tomahawks
Armour
 b - a +0 leather armour
 c - a +0 helmet (worn)
 d - a +0 scale mail (worn)
   (You took it off an orc on level 3 of the Dungeon)
 e - a +0 ring mail
   (You took it off an orc on level 3 of the Dungeon)
 A - a +0 pair of boots (worn)
   (You found it on level 5 of the Dungeon)
 E - a +0 cloak (worn)
   (You took it off Crazy Yiuf on level 6 of the Dungeon)
Jewellery
 g - an uncursed ring of ice {rC+, rF-}
   (You found it on level 3 of the Dungeon)
 h - an uncursed amulet of regeneration {+regen}
   (You found it on level 4 of the Dungeon)
 p - an amulet of faith (around neck) {Faith, !P}
   (You found it on level 2 of the Dungeon)
 r - a ring of protection from fire (left hand) {rF+}
   (You found it on level 6 of the Dungeon)
Wands
 u - a wand of flame (16)
   (You found it on level 7 of the Dungeon)
Scrolls
 j - 2 scrolls of enchant armour
 l - 2 scrolls of remove curse
 t - a scroll of teleportation {!r}
 y - a scroll of magic mapping {!r}
Potions
 i - a potion of brilliance
 n - 2 potions of flight
Books
 s - a book of Conjurations
   (You found it on level 5 of the Dungeon)

   Spells                             Type                      Level
   a - Magic Dart                     Conjuration                  1
   b - Searing Ray                    Conjuration                  2
   c - Dazzling Spray                 Conjuration/Hexes            3
   d - Fulminant Prism                Conjuration/Hexes            4
   e - Force Lance                    Conjuration/Translocation    4
   f - Iskenderun's Mystic Blast      Conjuration                  4
Comestibles
 f - 2 bread rations
 o - 4 royal jellies
 q - 9 chunks of flesh

Dungeon Overview and Level Annotations

Branches:
Dungeon (8/15)             Temple (0/1) D:4            Lair (0/6) D:8

Altars:
Dithmenos
Kikubaaqudgha
Nemelex Xobeh
Qazlal
Sif Muna
Uskayaw
Yredelemnul
The Shining One

Shops:
D:5 *

Annotations:
D:4 exclusion: oklob sapling


You were on level 8 of the Dungeon.
You worshipped Uskayaw.
Uskayaw was noncommittal.
You were not hungry.

You visited 1 branch of the dungeon, and saw 8 of its levels.

You collected 420 gold pieces.
You spent 109 gold pieces at shops.


Message History

The killer bee closely misses you.
You riposte.
You hit the killer bee. The killer bee stings you.
* * * LOW HITPOINT WARNING * * *
The killer bee misses you. The black bear closely misses you.
You riposte.
You slash the black bear! The black bear barely misses you. x2
You can now pass through a line of other dancers.
You take 4 damage, and have 37/83 hp.
You hit the killer bee.
You feel sick. The killer bee misses you.
You riposte.
You hit the killer bee but do no damage.
The killer bee stings you but does no damage. x2
You take 1 damage, and have 36/83 hp.
You closely miss the killer bee.
You feel sick. The killer bee stings you.
* * * LOW HITPOINT WARNING * * *
The killer bee stings you.
* * * LOW HITPOINT WARNING * * *
You are lethally poisoned!
The killer bee poisons you! The black bear closely misses you.
The black bear claws you but does no damage. x2
The killer bee stings you.
* * * LOW HITPOINT WARNING * * *
You take 17 damage, and have 19/83 hp.
MASSIVE DAMAGE!!
Okay, then.
Unknown command.
Really read
m - 2 scrolls of fear {!r}?
As you read the scroll of fear {!r}, it crumbles to dust.
You assume a fearsome visage.
The black bear looks frightened!
The killer bee looks frightened! x2
* * * LOW HITPOINT WARNING * * *
You feel very sick.
A crocodile comes into view.
You take 3 damage, and have 16/83 hp.
A black bear comes into view.
* * * LOW HITPOINT WARNING * * *
You feel very sick.
The black bear growls angrily.
The crocodile bites you but does no damage.
You take 3 damage, and have 13/83 hp.
* * * LOW HITPOINT WARNING * * *
You feel sick.
The crocodile bites you but does no damage.
Found a staircase to the Lair.
You take 1 damage, and have 12/83 hp.
Aim: a crocodile
Okay, then.
Unknown command.
Okay, then.
As you read the scroll labeled IBYZUI GACLO, it crumbles to dust.
This is a scroll of acquirement! [a] Weapon [b] Armour [c] Jewellery [d] Book [e] Staff [f] Evocable [g] Food [h] Gold What kind of item would you like to acquire? (\ to view known items)
Something appears at your feet!
* * * LOW HITPOINT WARNING * * *
You feel sick. The crocodile closely misses you.
You riposte.
You slash the crocodile!
Uskayaw will force your foes to helplessly watch your dance.
Uskayaw prepares the audience for your solo!
You take 2 damage, and have 10/83 hp.
You see here a runed quick blade.
The helpless crocodile fails to defend itself.
You hit the crocodile but do no damage.
* * * LOW HITPOINT WARNING * * *
You feel sick.
The black bear is no longer paralysed.
The crocodile is no longer paralysed.
The black bear is no longer paralysed.
The crocodile barely misses you.
You take 2 damage, and have 8/83 hp.
Okay, then.
Okay, then.
Unknown command.
Really read
m - a scroll of fear {!r}?
As you read the scroll of fear {!r}, it crumbles to dust.
You assume a fearsome visage.
The black bear looks frightened!
The crocodile looks frightened!
The porcupine looks frightened!
* * * LOW HITPOINT WARNING * * *
You feel sick.
The porcupine is no longer paralysed.
The killer bee is no longer paralysed.
You take 2 damage, and have 6/83 hp.
A porcupine comes into view.
* * * LOW HITPOINT WARNING * * *
You feel sick.
You see here a black bear skeleton.
You take 2 damage, and have 4/83 hp.
* * * LOW HITPOINT WARNING * * *
You feel sick.
Cornered, the black bear turns to fight!
Uskayaw will no longer force your foes to helplessly watch your dance.
You take 1 damage, and have 3/83 hp.
Okay, then.
Okay, then.
A runed quick blade.
The floor.
Unknown command.
Okay, then.
Okay, then.
Okay, then.
Unknown command.
* * * LOW HITPOINT WARNING * * *
You feel sick.
You take 1 damage, and have 2/83 hp.
You die...

..r.P.. ###..# ..P.P..
####..y...#
.......##..†....#
♣....†####.##
##..).######
#.÷...##..##8...
#......h..##.....
##.#....#.#_.....
###.#####@....#####.....
..............# ##8...8
....###<.....# ##8## #
##....## # #..###.#
...## #.. #.# .## . # #.


You could see a black bear.

Notes
Turn   | Place    | Note
-------+----------+-------------------------------------------
     0 | D:1      | theanonym the Barachi Gladiator began the quest for the Orb.
     0 | D:1      | Reached XP level 1. HP: 17/17 MP: 1/1
   260 | D:1      | Reached skill level 4 in Long Blades
   575 | D:1      | Reached XP level 2. HP: 22/23 MP: 2/2
   764 | D:2      | Noticed Jessica
   772 | D:2      | Killed Jessica
   772 | D:2      | Reached skill level 5 in Long Blades
   772 | D:2      | Reached XP level 3. HP: 23/28 MP: 3/3
   773 | D:2      | Found a hide-covered altar of Uskayaw.
   884 | D:2      | HP: 14/28 [poisoned by an adder]
  1144 | D:2      | Noticed Natasha
  1150 | D:2      | HP: 14/28 [Natasha (4)]
  1157 | D:2      | Killed Natasha
  1157 | D:2      | Reached skill level 6 in Long Blades
  1157 | D:2      | Reached XP level 4. HP: 28/34 MP: 4/4
  1372 | D:2      | Noticed Natasha
  1385 | D:2      | HP: 15/34 [Natasha (5)]
  1386 | D:2      | Killed Natasha
  1386 | D:2      | Reached XP level 5. HP: 17/39 MP: 5/5
  1523 | D:2      | Noticed Natasha
  1588 | D:2      | Found a basalt altar of Yredelemnul.
  1594 | D:2      | Killed Natasha
  1594 | D:2      | Reached skill level 7 in Long Blades
  1985 | D:2      | Became a worshipper of Uskayaw the Reveler
  2026 | D:2      | Reached * piety under Uskayaw
  2143 | D:3      | Reached ** piety under Uskayaw
  2152 | D:3      | Reached *** piety under Uskayaw
  2157 | D:3      | Reached **** piety under Uskayaw
  2752 | D:3      | Reached XP level 6. HP: 41/46 MP: 6/6
  2860 | D:3      | HP: 14/46 [ogre/giant club (30)]
  2873 | D:3      | HP: 9/46 [ogre/giant club (31)]
  2877 | D:3      | Reached skill level 3 in Fighting
  2877 | D:3      | Reached skill level 8 in Long Blades
  3218 | D:3      | HP: 23/47 [howler monkey (4)]
  3606 | D:3      | HP: 22/47 [something (2)]
  3619 | D:3      | Reached XP level 7. HP: 39/52 MP: 7/7
  3922 | D:4      | Found a staircase to the Ecumenical Temple.
  3974 | D:4      | Reached skill level 9 in Long Blades
  4088 | D:4      | Reached skill level 4 in Fighting
  4091 | D:4      | Noticed Sigmund
  4111 | D:4      | HP: 27/54 [something (6)]
  4116 | D:4      | HP: 25/54 [something (3)]
  4120 | D:4      | HP: 11/54 [something (8)]
  4125 | D:4      | HP: 23/54 [something/puff of flame (13)]
  4127 | D:4      | HP: 11/54 [something/puff of flame (8)]
  4130 | D:4      | Killed Sigmund
  4438 | D:4      | Found a basalt altar of Yredelemnul.
  4527 | D:4      | Found a stormy altar of Qazlal.
  4535 | D:4      | Found a glowing golden altar of the Shining One.
  4627 | D:5      | Entered Level 5 of the Dungeon
  4639 | D:5      | Reached skill level 10 in Long Blades
  4788 | D:5      | Reached skill level 5 in Fighting
  4791 | D:5      | Reached XP level 8. HP: 33/62 MP: 8/8
  5239 | D:5      | Noticed Eustachio
  5259 | D:5      | HP: 30/63 [white imp/puff of frost[Eustachio] (2)]
  5264 | D:5      | HP: 28/63 [Eustachio/rapier (2)]
  5269 | D:5      | HP: 24/63 [Eustachio/rapier (3)]
  5274 | D:5      | HP: 25/94 [bat[Eustachio] (1)]
  5282 | D:5      | Killed Eustachio
  6034 | D:5      | Found a sparkling altar of Nemelex Xobeh.
  6036 | D:5      | Found a shadowy altar of Dithmenos.
  6071 | D:5      | Found Emuprouf's General Store.
  6078 | D:5      | Bought a potion of curing for 33 gold pieces
  6078 | D:5      | Bought a scroll of fear for 38 gold pieces
  6078 | D:5      | Bought a scroll of magic mapping for 38 gold pieces
  6126 | D:5      | Reached skill level 6 in Fighting
  6126 | D:5      | Reached skill level 11 in Long Blades
  6416 | D:6      | HP: 32/64 [centaur (1)]
  6666 | D:6      | Reached XP level 9. HP: 48/71 MP: 4/9
  6670 | D:6      | HP: 32/71 [orc wizard/magic dart (11)]
  6676 | D:6      | HP: 28/71 [wight/long sword (5)]
  6684 | D:6      | HP: 21/71 [bullfrog (3)]
  6692 | D:6      | HP: 14/71 [bullfrog (3)]
  6695 | D:5      | Reached skill level 7 in Fighting
  6968 | D:6      | Reached skill level 12 in Long Blades
  7001 | D:6      | Found a runed door.
  7012 | D:6      | Noticed Crazy Yiuf
  7025 | D:6      | Killed Crazy Yiuf
  7130 | D:6      | Noticed Menkaure
  7142 | D:6      | Killed Menkaure
  7468 | D:6      | HP: 36/73 [poisoned by a scorpion]
  7473 | D:6      | HP: 34/73 [poisoned by a scorpion]
  7478 | D:6      | HP: 32/73 [poisoned by a scorpion]
  7483 | D:6      | HP: 31/73 [poisoned by a scorpion]
  7490 | D:6      | HP: 30/73 [poisoned by a scorpion]
  7498 | D:6      | HP: 30/73 [poisoned by a scorpion]
  7929 | D:6      | Found an ancient bone altar of Kikubaaqudgha.
  8019 | D:7      | Reached skill level 8 in Fighting
  8098 | D:6      | Reached skill level 13 in Long Blades
  8390 | D:7      | HP: 37/75 [killer bee (2)]
  8395 | D:7      | HP: 22/75 [poisoned by a killer bee]
  8978 | D:8      | HP: 36/75 [gnoll sergeant/trident (3)]
  8982 | D:8      | HP: 13/75 [gnoll sergeant/trident (8)]
  8983 | D:8      | HP: 3/75 [gnoll sergeant/trident (10)]
  9253 | D:8      | Noticed a two-headed ogre
  9377 | D:8      | Found a deep blue altar of Sif Muna.
  9386 | D:8      | Reached skill level 9 in Fighting
  9386 | D:8      | Reached XP level 10. HP: 75/83 MP: 10/10
  9426 | D:8      | Reached skill level 14 in Long Blades
  9426 | D:8      | HP: 41/83 [poisoned by a killer bee]
  9429 | D:8      | HP: 19/83 [killer bee (6)]
  9432 | D:8      | Found a staircase to the Lair.
  9433 | D:8      | Identified a scroll of acquirement
  9434 | D:8      | HP: 8/83 [poisoned by a killer bee]
  9437 | D:8      | HP: 3/83 [poisoned by a killer bee]
  9439 | D:8      | Succumbed to a killer bee's poison

Vanquished Creatures
  Sigmund (D:4)
  Eustachio (D:5)
  A hungry ghost (D:7)
  Menkaure (D:6)
  A black bear (D:8)
  A sky beast (D:7)
  A phantom (D:6)
  3 ogres
  3 centaurs
  A gnoll sergeant (D:8)
  A bullfrog (D:5)
  7 killer bees
  3 scorpions
  A vampire bat (D:6)
  3 wights (D:6)
  4 howler monkeys
  5 crimson imps
  A bullfrog zombie (D:5)
  3 hounds
  2 jellies
  Crazy Yiuf (D:6)
  2 orc priests
  A bullfrog skeleton (D:6)
  A centaur skeleton (D:5)
  Jessica (D:2)
  4 orc wizards
  Natasha (thrice) (D:2)
  4 iguanas
  A worker ant (D:4)
  A killer bee zombie (D:8)
  A hound skeleton (D:4)
  6 gnolls
  10 adders
  5 shadow imps
  An adder zombie (D:7)
  A worm (D:2)
  A dart slug (D:2)
  7 leopard geckos
  29 orcs
  9 bats
  A bat skeleton (D:6)
  4 bat zombies (D:6)
  6 giant cockroaches
  6 hobgoblins
  10 jackals
  5 quokkas
  2 ball pythons
  A ball python skeleton (D:4)
  8 frilled lizards
  9 goblins
  A jackal skeleton (D:5)
  A jackal zombie (D:7)
  7 kobolds
  A leopard gecko zombie (D:6)
  A quokka zombie (D:6)
  3 rats
199 creatures vanquished.

Vanquished Creatures (others)
  2 plants (D:8)
2 creatures vanquished.

Grand Total: 201 creatures vanquished
